 Dungeon Crawl Stone Soup version 0.29.1-12-g30fa7ad0bf (webtiles) character file.

Game seed: 11920349616107402515

110277 xSliceyx the Warrior (level 16, -4/114 HPs)
             Began as a Gargoyle Fighter on Dec 12, 2022.
             Was a High Priest of the Shining One.
             Slain by an emperor scorpion (34 damage)
             ... on level 1 of the Spider Nest on Dec 13, 2022.
             The game lasted 02:58:41 (40197 turns).

xSliceyx the Warrior (Gargoyle Fighter)            Turns: 40197, Time: 02:58:41

Health: -4/114     AC: 35    Str: 24    XL:     16   Next: 54%
Magic:  9/25       EV: 17    Int: 12    God:    the Shining One [*****.]
Gold:   1474       SH: 14    Dex: 11    Spells: 11/15 levels left

rFire   + . .      SeeInvis .   S - +4 eveningstar (spect)
rCold   + . .      Faith    .   F - +0 kite shield {AC+3}
rNeg    + + +      Spirit   .   Y - +1 chain mail {rC+}
rPois   ∞          Reflect  +   (helmet restricted)
rElec   +          Harm     .   a - +1 cloak of Starlight {*Dazzle EV+4 Stlth--}
rCorr   +          Rampage  .   V - +0 pair of gloves
Will    +++..                   K - +0 pair of boots
Stlth   ..........              B - amulet "Kyergheusa" {Reflect rN++ Int-5 Slay+3 SH+5}
HPRegen 0.29/turn               X - ring of Latzevasch {rF+ rCorr Int+6}
MPRegen 0.19/turn               Q - ring of Poyl {Will+ EV+4 Slay+2}

@: flying, glowing, studying Axes
A: sickness immunity, AC +12, big wings, negative energy resistance 1,
electricity resistance, torment resistance 1, petrification resistance, horns 1,
strong-willed 1, sense surroundings 1
a: Renounce Religion, Divine Shield, Cleansing Flame, Summon Divine Warrior


You were on level 1 of the Spider Nest.
You worshipped the Shining One.
The Shining One was extremely pleased with you.
You visited 4 branches of the dungeon, and saw 23 of its levels.
You also visited: Sewer and Gauntlet.

You collected 3638 gold pieces.
You spent 2164 gold pieces at shops.

Inventory:

Hand Weapons
 k - a +3 double sword of holy wrath
 m - a +0 trident of venom
 M - a +6 morningstar of freezing
 S - a +4 spectral eveningstar (weapon)
Missiles
 e - 5 atropa-tipped darts
 r - 8 curare-tipped darts
 u - 17 javelins
 D - 2 datura-tipped darts
 I - 28 poisoned darts (quivered)
Armour
 a - the +1 cloak of Starlight (worn) {*Dazzle EV+4 Stlth--}
   (You found it in a Gauntlet)

   It may blind those who miss an attack against the wearer in melee combat.
   EV:        It affects your evasion (+4).
   Stlth:     It makes you much less stealthy.
 F - a +0 kite shield of protection (worn)
 K - a +0 pair of boots (worn)
 V - a +0 pair of gloves (worn)
 Y - a +1 chain mail of cold resistance (worn)
Jewellery
 l - a ring of protection from fire
 B - the amulet "Kyergheusa" (around neck) {Reflect rN++ Int-5 Slay+3 SH+5}
   (You found it on level 15 of the Dungeon)

   [amulet of reflection]

   It reflects blocked missile attacks.
   Int:       It affects your intelligence (-5).
   Slay:      It affects your accuracy & damage with ranged weapons and melee
   (+3).
   rN:        It greatly protects you from negative energy.
   SH:        It affects your SH (+5).
 Q - the ring of Poyl (right hand) {Will+ EV+4 Slay+2}
   (You bought it in a shop on level 2 of the Orcish Mines)

   [ring of evasion]

   EV:        It affects your evasion (+4).
   Slay:      It affects your accuracy & damage with ranged weapons and melee
   (+2).
   Will:      It increases your willpower.
 U - a ring of protection from cold
 X - the ring of Latzevasch (left hand) {rF+ rCorr Int+6}
   (You bought it in a shop on level 2 of the Orcish Mines)

   [ring of resist corrosion]

   Int:       It affects your intelligence (+6).
   rF:        It protects you from fire.
   rCorr:     It protects you from acid and corrosion.
Wands
 b - a wand of mindburst (7)
 d - a wand of digging (11)
 w - a wand of polymorph (13)
 z - a wand of flame (41)
 O - a wand of iceblast (11)
Scrolls
 c - a scroll of amnesia
 g - 3 scrolls of silence
 i - 4 scrolls of blinking
 o - 11 scrolls of teleportation
 p - 3 scrolls of identify
 x - 3 scrolls of poison
 R - 2 scrolls of butterflies
 T - 2 scrolls of magic mapping
Potions
 f - a potion of ambrosia
 j - 10 potions of curing
 q - 4 potions of heal wounds
 s - 6 potions of lignification
 v - a potion of mutation
 A - 6 potions of berserk rage
 E - 4 potions of attraction
 G - 2 potions of magic
 H - 4 potions of haste
 J - 4 potions of cancellation
 N - 4 potions of might
Miscellaneous
 y - a tin of tremorstones (1/2)
 P - a phial of floods


   Skills:
 - Level 18.0 Fighting
 - Level 6.0 Maces & Flails
 - Level 2.0 Throwing
 - Level 15.0 Armour
 - Level 7.2 Dodging
 + Level 7.2 Shields
 - Level 12.0 Invocations
 + Level 12.0 Evocations


You had 11 spell levels left.
You knew the following spells:

 Your Spells              Type           Power      Damage    Failure   Level
a - Beastly Appendage     Tmut           0%         N/A       98%         1
b - Slow                  Hex            0%         N/A       98%         1
c - Ensorcelled Hibernat  Hex/Ice        0%         N/A       99%         2

Your spell library contained the following spells:

 Spells                   Type           Power      Damage    Failure   Level
 Magic Dart               Conj           0%         1d3       98%         1
 Shock                    Conj/Air       0%         1d3       98%         1
 Poisonous Vapours        Pois/Air       0%         N/A       99%         2
 Searing Ray              Conj           0%         2d4       99%         2
 Wereblood                Tmut           0%         N/A       99%         2
 Confusing Touch          Hex            0%         N/A       100%        3
 Frozen Ramparts          Ice            0%         1d1       100%        3
 Gell's Gravitas          Tloc           0%         N/A       100%        3
 Inner Flame              Hex/Fire       0%         N/A       100%        3
 Ozocubu's Armour         Ice            0%         N/A       100%        3
 Portal Projectile        Hex/Tloc       0%         N/A       100%        3
 Spider Form              Tmut/Pois      0%         N/A       100%        3
 Swiftness                Air            0%         N/A       100%        3
 Teleport Other           Tloc           0%         N/A       100%        3
 Tukima's Dance           Hex            0%         N/A       100%        3
 Vampiric Draining        Necr           0%         2d6       100%        3
 Airstrike                Air            0%         2d(0-16)  100%        4
 Anguish                  Hex/Necr       0%         N/A       100%        4
 Cause Fear               Hex            0%         N/A       100%        4
 Corpse Rot               Necr/Pois/Air  0%         N/A       100%        4
 Dispel Undead            Necr           0%         3d6       100%        4
 Fulminant Prism          Conj/Hex       0%         3d6       100%        4
 Ice Form                 Ice/Tmut       0%         N/A       100%        4
 Petrify                  Tmut/Erth      0%         N/A       100%        4
 Summon Ice Beast         Ice/Summ       0%         N/A       100%        4
 Blade Hands              Tmut           0%         N/A       100%        5
 Metabolic Englaciation   Hex/Ice        0%         N/A       100%        5
 Dispersal                Tloc           0%         N/A       100%        6
 Simulacrum               Ice/Necr       0%         N/A       100%        6
 Enfeeble                 Hex            0%         N/A       100%        7
 Haunt                    Necr/Summ      0%         N/A       100%        7
 Summon Hydra             Summ           0%         N/A       100%        7
 Discord                  Hex            0%         N/A       100%        8
 Sublimation of Blood     Necr           Unusable   N/A       N/A         2
 Statue Form              Tmut/Erth      Unusable   N/A       N/A         6

Dungeon Overview and Level Annotations

Branches:
Dungeon (15/15)            Temple (0/1) D:5            Lair (5/5) D:11
 Shoals (0/4) Lair:2       Spider (1/4) Lair:3        Slime (0/5) Lair:5
    Orc (2/2) D:11            Elf (0/3) Orc:2        Vaults (0/5) D:14
 Depths (0/4) D:15          Sewer (visited)         Gauntlet (visited)

Altars:
Ashenzari
Cheibriados
Dithmenos
Elyvilon
Fedhas
Gozag
Okawaru
Qazlal
Sif Muna
Uskayaw
Vehumet
Xom
Yredelemnul
The Shining One

Shops:
D:4 :   Orc:1 !   Orc:2 =(:[*

Annotations:
D:7 1 runed translucent door, BillyBaka's ghost, novice MiFi
Lair:3 Nessos


Innate Abilities, Weirdness & Mutations

You are immune to sickness and miasma.
Your stone body is resilient. (AC +12)
You are immune to poison.
Your large and strong wings let you fly.
You resist negative energy. (rN+)
You are resistant to electric shocks. (rElec)
You are resistant to unholy torment.
You are immune to petrification.
You have a pair of small horns on your head.
You are strong-willed. (Will+)
You passively map a small area around you.


Message History

The golden flame engulfs you but does no damage.
You resist.
The golden flame engulfs the jorogumo!!
You kill the jorogumo!
The Shining One accepts your kill.
You feel better.
You feel your power returning.
The golden flame engulfs the emperor scorpion.
The emperor scorpion is heavily wounded.
The emperor scorpion stings you. The emperor scorpion barely misses you.
The emperor scorpion claws you but does no damage.
The emperor scorpion closely misses you.
The emperor scorpion claws you.
The emperor scorpion claws you but does no damage.
Unknown command.
The web tears apart.
The emperor scorpion barely misses you.
The emperor scorpion closely misses you.
You block the emperor scorpion's attack.
The emperor scorpion completely misses you.
The emperor scorpion's sight is seared by the starlight!
The emperor scorpion claws you but does no damage. x2
Unknown command.
Unknown command.
You impale the emperor scorpion!! You headbutt the emperor scorpion.
The emperor scorpion is heavily wounded.
Your +4 spectral eveningstar hits the emperor scorpion but does no damage.
The emperor scorpion stings you!!
You block the emperor scorpion's attack. x2
The emperor scorpion stings you!!
* * * LOW HITPOINT WARNING * * *
The emperor scorpion completely misses you.
The emperor scorpion claws you but does no damage.
The emperor scorpion misses you.
The emperor scorpion closely misses you.
The emperor scorpion claws you but does no damage.
Unknown command.
You hit the emperor scorpion but do no damage.
You headbutt the emperor scorpion, but do no damage.
The emperor scorpion is heavily wounded.
Your +4 spectral eveningstar hits the emperor scorpion!!
The emperor scorpion stings you!!
You die...

* , ##... # * ##* ### ### *+#
#..# ##.#
##.####.####.####.######
#...##...##...##...##...#
......^.................# ,
y.#....#....#....#....#.# *
.........##^.......##...# ##.
*
..#....#..^(#....#....#.##.#.
.........^.s@...........##...
**...##...##†..##...##...##...
* ##.####.####.####.###... **
### ### ### ##'###...
########...##...
#...............
###............<..
#.................
#.................


You could see an emperor scorpion (berserk, blind) and a friendly +4 spectral
eveningstar (summoned).

Vanquished Creatures
  A fire giant (D:15)
  A ghost moth (Spider:1)
  An emperor scorpion (Spider:1)
  2 orc warlords
  A quicksilver ooze (Gauntlet)
  A broodmother (Spider:1)
  A minotaur (Gauntlet)
  A spark wasp (Lair:1)
  Josephine (Lair:3)
  An ettin (Orc:2)
  Fannar (D:11)
  A rakshasa (D:13)
  3 jorogumos (Spider:1)
  3 centaur warriors
  9 hydras
  8 boulder beetles
  2 catoblepae
  4 ogre magi
  6 two-headed ogres
  A radroach (Spider:1)
  A merfolk avatar (Lair:5)
  5 death yaks
  3 tengu warriors
  5 orc high priests (Orc:2)
  Urug (Lair:3)
  A fire crab (D:15)
  A skeletal warrior (D:14)
  Lodul (D:12)
  A pharaoh ant (Spider:1)
  An orb spider (Spider:1)
  2 steelbarb worms (Spider:1)
  A sea snake (Lair:1)
  2 glowing orange brains
  3 deep elf pyromancers
  3 orc knights
  4 orc sorcerers (Orc:2)
  8 cyclopes
  10 ugly things
  5 wolf spiders
  3 manticores
  A moth of wrath (Spider:1)
  4 black mambas
  7 elephants
  A gargoyle (D:12)
  3 unseen horrors
  A rime drake (shapeshifter) (D:13)
  10 cane toads
  3 centaur skeletons (D:14)
  A demonic crawler (Spider:1)
  9 komodo dragons
  2 rime drakes (Lair:5)
  5 yaktaurs
  2 tengu conjurers
  8 trolls
  A polar bear (Lair:5)
  A wind drake (Lair:5)
  A meliai (D:15)
  A wolf spider simulacrum (D:15)
  2 hornets (Lair:5)
  5 tarantellas (Spider:1)
  18 blink frogs
  Grinder (D:4)
  2 snapping turtles (Lair:5)
  Sigmund (D:5)
  7 dream sheep (Lair:3)
  6 jumping spiders
  7 culicivoras
  3 wraiths (Lair:3)
  2 centaur simulacra (D:15)
  A spriggan (Lair:1)
  4 wyverns
  A basilisk (D:14)
  2 humans (D:8)
  44 yaks
  A human (shapeshifter) (D:15)
  3 steam dragons
  8 vampire mosquitoes
  Grum (D:9)
  6 redbacks
  Menkaure (D:5)
  4 wargs
  11 water moccasins
  An acid dragon (D:13)
  3 sky beasts
  36 orc warriors
  3 ice beasts
  5 black bears
  21 ogres
  5 boggarts (D:15)
  25 wolves
  11 centaurs
  2 phantoms (D:5)
  4 kobold brigands
  A gnoll sergeant (D:6)
  17 bullfrogs
  5 scorpions
  4 wights (D:9)
  2 howler monkeys
  3 jellies
  A gnoll bouda (D:4)
  14 orc priests
  3 hounds
  An iron imp (D:9)
  Ijyb (D:2)
  4 iguanas
  12 orc wizards
  A boggart skeleton (D:14)
  Robin (D:4)
  12 gnolls
  15 adders
  4 river rats
  A shadow imp (D:7)
  A white imp (D:7)
  3 ufetubi
  8 worms
  6 dart slugs
  70 orcs
  7 ball pythons
  6 bats
  11 endoplasms
  3 giant cockroaches
  15 goblins
  8 hobgoblins
  3 jackals (D:4)
  23 kobolds
  5 quokkas
  2 frilled lizards
  16 rats
717 creatures vanquished.

Vanquished Creatures (collateral kills)
  Erolcha (D:10)
  2 acid dragons
  A centaur (D:9)
4 creatures vanquished.

Vanquished Creatures (others)
  2 bushes (Lair:5)
  107 fungi
  102 plants
211 creatures vanquished.

Grand Total: 932 creatures vanquished

Notes
Turn   | Place    | Note
-------+----------+-------------------------------------------
     0 | D:1      | xSliceyx the Gargoyle Fighter began the quest for the Orb.
     0 | D:1      | Reached XP level 1. HP: 14/14 MP: 1/1
     0 | D:1      | Noticed an ice dragon
     0 | D:1      | Noticed a tentacled monstrosity
     1 | D:1      | Noticed a large abomination
     2 | D:1      | Noticed an iron dragon
     4 | D:1      | Noticed a tentacled monstrosity
     4 | D:1      | Noticed a tentacled monstrosity
     6 | D:1      | Noticed a large abomination
     8 | D:1      | Noticed a yellow draconian
     9 | D:1      | Noticed a large abomination
    11 | D:1      | Noticed a purple draconian
    13 | D:1      | Noticed a large abomination
    17 | D:1      | Noticed a shadow dragon
    19 | D:1      | Noticed a large abomination
   168 | D:1      | Reached XP level 2. HP: 8/19 MP: 2/2
   619 | D:1      | Reached XP level 3. HP: 17/23 MP: 3/3
  2150 | D:2      | Reached XP level 4. HP: 28/28 MP: 4/4
  2634 | D:3      | Noticed Ijyb
  2665 | D:3      | Got the Folio of Frore Stolen Souls
  3454 | D:3      | Reached XP level 5. HP: 32/32 MP: 5/5
  3606 | D:3      | Reached skill level 5 in Shields
  3616 | D:3      | Reached skill level 5 in Armour
  4017 | D:3      | Found a faded altar of an unknown god.
  4767 | D:4      | Noticed an ogre
  5072 | D:4      | Reached XP level 6. HP: 6/37 MP: 6/6
  5674 | D:4      | Found an opulent altar of Gozag.
  5674 | D:4      | Found a shadowy altar of Dithmenos.
  5676 | D:4      | Found a shimmering altar of Xom.
  5681 | D:4      | Found a shimmering blue altar of Sif Muna.
  5681 | D:4      | Found a blossoming altar of Fedhas.
  5681 | D:4      | Found a stormy altar of Qazlal.
  5683 | D:4      | Found a glowing golden altar of the Shining One.
  5683 | D:4      | Found a hide-covered altar of Uskayaw.
  5683 | D:4      | Found a basalt altar of Yredelemnul.
  5691 | D:4      | Became a worshipper of the Shining One
  5905 | D:4      | Noticed Grinder
  5910 | D:4      | Paralysed by Grinder for 5 turns
  5917 | D:4      | Paralysed by Grinder for 2 turns
  5933 | D:4      | Killed Grinder
  5934 | D:4      | Reached XP level 7. HP: 6/41 MP: 7/7
  6246 | D:4      | Noticed Robin
  6409 | D:4      | Reached skill level 4 in Fighting
  6517 | D:4      | Killed Robin
  6663 | D:4      | Found Peuzaple's Tremendous Tomes.
  6872 | D:5      | Entered Level 5 of the Dungeon
  6988 | D:2      | Killed Ijyb
  7121 | D:5      | Reached skill level 5 in Fighting
  7166 | D:5      | Noticed a steam dragon
  7489 | D:5      | Reached skill level 6 in Fighting
  7489 | D:5      | Reached XP level 8. HP: 49/51 MP: 8/8
  7534 | D:5      | Noticed Sigmund
  7586 | D:5      | Killed Sigmund
  7587 | D:5      | Reached skill level 7 in Fighting
  7721 | D:5      | Found a staircase to the Ecumenical Temple.
  7899 | D:5      | Reached skill level 8 in Fighting
  8002 | D:6      | Noticed Menkaure
  8036 | D:5      | Killed Menkaure
  8037 | D:5      | Reached skill level 9 in Fighting
  8077 | D:6      | Reached XP level 9. HP: 46/61 MP: 9/9
  8085 | D:6      | Reached * piety under the Shining One
  8116 | D:6      | Reached skill level 10 in Fighting
  8177 | D:6      | Found a glowing drain.
  8264 | Sewer    | Entered a sewer
  8732 | D:6      | Identified the +5 plate armour of the Dwarven Hall {*Slow
                  | rElec Int+6 Dex-4}
  8790 | D:6      | Reached skill level 11 in Fighting
 10001 | D:7      | Reached skill level 12 in Fighting
 10021 | D:7      | Found a runed translucent door.
 10023 | D:7      | Noticed BillyBaka's ghost (novice MiFi)
 10428 | D:7      | Reached XP level 10. HP: 72/72 MP: 10/10
 10428 | D:7      | Found a broken altar of Ashenzari.
 10449 | D:7      | Reached skill level 13 in Fighting
 11480 | D:8      | Reached skill level 14 in Fighting
 11804 | D:8      | Found an iron altar of Okawaru.
 12481 | D:9      | Noticed Grum
 12484 | D:9      | Reached skill level 1 in Evocations
 12494 | D:9      | Killed Grum
 12740 | D:9      | Reached ** piety under the Shining One
 13401 | D:9      | Found a snail-covered altar of Cheibriados.
 13753 | D:10     | Entered Level 10 of the Dungeon
 13969 | D:10     | Reached skill level 5 in Evocations
 13969 | D:10     | Reached XP level 11. HP: 64/80 MP: 11/11
 14101 | D:10     | Noticed Erolcha
 14118 | D:10     | Killed Erolcha
 14926 | D:11     | Noticed a six-headed hydra
 14938 | D:11     | Killed a six-headed hydra
 15566 | D:11     | Noticed a boulder beetle
 15573 | D:11     | Killed a boulder beetle
 15668 | D:11     | Noticed a cyclops
 15668 | D:11     | Noticed a cyclops
 15672 | D:11     | Killed a cyclops
 15677 | D:11     | Killed a cyclops
 15796 | D:11     | Found a staircase to the Lair.
 15799 | D:11     | Noticed Fannar
 15801 | D:11     | Noticed a cyclops
 16400 | D:11     | Noticed a manticore
 16400 | D:11     | Noticed a six-headed hydra
 16489 | D:11     | Reached skill level 10 in Evocations
 16563 | D:11     | Found a staircase to the Orcish Mines.
 16568 | D:11     | Reached *** piety under the Shining One
 17055 | D:11     | Killed Fannar
 17056 | D:11     | Reached XP level 12. HP: 65/85 MP: 12/12
 17183 | D:11     | Noticed a boulder beetle
 17205 | D:11     | Killed a boulder beetle
 17518 | Lair:1   | Entered Level 1 of the Lair of Beasts
 17578 | Lair:1   | Noticed a six-headed hydra
 17582 | Lair:1   | Noticed a spark wasp
 17582 | Lair:1   | a six-headed hydra changed into a spark wasp
 17591 | Lair:1   | Killed a spark wasp
 18042 | Lair:1   | Noticed a seven-headed hydra
 18043 | Lair:1   | a seven-headed hydra changed into a sea snake
 18123 | Lair:1   | Reached skill level 10 in Armour
 19059 | Lair:2   | Found a staircase to the Shoals.
 19617 | Lair:2   | Identified the +0 ring mail of Weirdness {rCorr Dex+3 SInv
                  | Stlth-}
 19839 | Lair:3   | Found a hole to the Spider Nest.
 19922 | Lair:3   | Noticed Josephine
 20373 | Lair:3   | Noticed a boulder beetle
 20380 | Lair:3   | Killed a boulder beetle
 20381 | Lair:3   | Reached XP level 13. HP: 62/90 MP: 13/13
 20534 | Lair:3   | Noticed Urug
 20556 | Lair:3   | Killed Urug
 21030 | Lair:3   | Reached **** piety under the Shining One
 21266 | Lair:3   | Killed Josephine
 21499 | Lair:3   | Reached skill level 1 in Invocations
 21727 | Lair:3   | Noticed Nessos
 22737 | Lair:4   | Reached skill level 5 in Invocations
 23387 | Lair:4   | Found a shimmering blue altar of Sif Muna.
 23762 | Lair:5   | Entered Level 5 of the Lair of Beasts
 24856 | Lair:5   | Reached skill level 10 in Invocations
 24860 | Lair:5   | Gained mutation: Your large and strong wings let you fly.
                  | [Gargoyle growth]
 24860 | Lair:5   | Reached XP level 14. HP: 93/96 MP: 21/21
 25277 | Lair:5   | Found a staircase to the Slime Pits.
 26634 | Lair:5   | Reached skill level 1 in Dodging
 27903 | Lair:1   | Identified a scroll of acquirement
 27904 | Lair:1   | Acquired 626 gold pieces
 27972 | Orc:1    | Entered Level 1 of the Orcish Mines
 28331 | Orc:1    | Found Agotytith's Distillery.
 28379 | Orc:1    | Bought 2 potions of might for 112 gold pieces
 28379 | Orc:1    | Bought a potion of ambrosia for 112 gold pieces
 28379 | Orc:1    | Bought a potion of cancellation for 112 gold pieces
 28601 | Orc:2    | Entered Level 2 of the Orcish Mines
 28973 | Orc:2    | Noticed an orc warlord
 29123 | Orc:2    | Found Dagini's Book Shoppe.
 29134 | Orc:2    | Noticed an orc warlord
 29663 | Orc:2    | Reached skill level 5 in Dodging
 30218 | Orc:1    | Killed an orc warlord
 30553 | Orc:2    | Gained mutation: You are dopey. (Int -2) [a neqoxec]
 30554 | Orc:2    | Gained mutation: You occasionally shout uncontrollably at
                  | your foes. [a neqoxec]
 31070 | Orc:2    | Found Ucsocy's General Store.
 31346 | Orc:2    | Bought a scroll of teleportation for 36 gold pieces
 31346 | Orc:2    | Bought a potion of curing for 36 gold pieces
 32185 | Orc:2    | Found Deadwal's Jewellery Emporium.
 32190 | Orc:2    | Found a staircase to the Elven Halls.
 32193 | Orc:2    | Bought the ring of Poyl {Will+ EV+4 Slay+2} for 570 gold
                  | pieces
 32193 | Orc:2    | Bought an amulet of reflection for 300 gold pieces
 32193 | Orc:2    | Bought the ring of Latzevasch {rF+ rCorr Int+6} for 466
                  | gold pieces
 32225 | Orc:2    | Found Tocod's Antique Weapon Shop.
 32265 | Orc:2    | Found Nupitt's Antique Armour Shoppe.
 32277 | Orc:2    | Killed an orc warlord
 32619 | Orc:2    | Bought a fine chain mail for 228 gold pieces
 32619 | Orc:2    | Identified the +4 chain mail "Juwneum" {Slay+2} (You bought
                  | it in a shop on level 2 of the Orcish Mines)
 32632 | Orc:2    | Learned a level 1 spell: Beastly Appendage
 32634 | Orc:2    | Learned a level 1 spell: Slow
 32637 | Orc:2    | Learned a level 2 spell: Ensorcelled Hibernation
 32669 | Orc:2    | Bought a runed scarf for 192 gold pieces
 32829 | D:12     | Reached XP level 15. HP: 87/101 MP: 24/24
 32949 | D:12     | Found a white marble altar of Elyvilon.
 33574 | D:12     | Reached skill level 15 in Armour
 34125 | D:12     | Noticed Lodul
 34142 | D:12     | Killed Lodul
 34143 | D:12     | Reached skill level 15 in Fighting
 34558 | D:13     | Reached skill level 1 in Throwing
 34813 | D:13     | Found a gate leading to a gauntlet.
 34819 | Gauntlet | Entered a Gauntlet
 34819 | Gauntlet | Found a transporter.
 34846 | Gauntlet | Found a transporter.
 34858 | Gauntlet | Found a transporter.
 34858 | Gauntlet | Found the +1 cloak of Starlight {*Dazzle EV+4 Stlth--}
 34862 | Gauntlet | Found a transporter.
 34874 | Gauntlet | Found a transporter.
 34894 | Gauntlet | Found a transporter.
 34897 | Gauntlet | Found a transporter.
 34901 | Gauntlet | Found a transporter.
 34930 | Gauntlet | Found a transporter.
 34948 | Gauntlet | Found a transporter.
 34960 | Gauntlet | Found a transporter.
 34976 | Gauntlet | Found a transporter.
 35138 | Gauntlet | Identified the +10 great mace of Gluttony {protect, rElec
                  | SInv}
 35359 | Lair:1   | Lost mutation: You are dopey. (Int -2) [potion of mutation]
 35359 | Lair:1   | Lost mutation: You occasionally shout uncontrollably at
                  | your foes. [potion of mutation]
 35359 | Lair:1   | Gained mutation: You are strong-willed. (Will+) [potion of
                  | mutation]
 35359 | Lair:1   | Gained mutation: You have a pair of small horns on your
                  | head. [potion of mutation]
 35359 | Lair:1   | Gained mutation: You passively map a small area around you.
                  | [potion of mutation]
 35821 | D:13     | Reached skill level 16 in Fighting
 36572 | D:14     | Found a radiant altar of Vehumet.
 36715 | D:14     | Reached ***** piety under the Shining One
 36756 | D:14     | Found a gate to the Vaults.
 37128 | D:15     | Entered Level 15 of the Dungeon
 37130 | D:15     | Reached skill level 17 in Fighting
 37825 | D:15     | Identified the amulet "Kott" {Faith Harm Rampage}
 37829 | D:15     | Found a staircase to the Depths.
 37835 | D:15     | Noticed a fire giant
 38231 | D:15     | Reached XP level 16. HP: 107/114 MP: 25/25
 38233 | D:15     | Reached skill level 18 in Fighting
 38241 | D:15     | Reached skill level 5 in Maces & Flails
 38291 | D:15     | Identified the amulet "Kyergheusa" {Reflect rN++ Int-5
                  | Slay+3 SH+5}
 39049 | Spider:1 | Entered Level 1 of the Spider Nest
 40197 | Spider:1 | Slain by an emperor scorpion

Illustrated notes

Levels and vault maps discovered:
D:1:      shiori_arrival_whats_in_store_for_you, layout_basic,
          nicolae_hexahallways
D:2:      layout_rooms
D:3:      cheibrodos_helix_gallery, layout_basic,
          shapermc_ecumenical_altar_petra, uniq_ijyb
D:4:      layout_basic, nicolae_overflows_in_rows,
          nicolae_shop_i_like_big_books, uniq_grinder, uniq_robin
D:5:      layout_rooms, minmay_temple_entry_waves, serial_corexii_hall,
          corexii_hall_statues_l, corexii_hall_statues_s, uniq_sigmund
D:6:      layout_rooms, lightli_sewer_entry_pipes, minmay_misc_feat_cross,
          uniq_menkaure
D:7:      layout_gridville, lemuel_doored_altar, ebering_ghost_reflecting_pool,
          grunt_decor_fettered, st_stairs_6
D:8:      layout_layer_cave, okawaru_humans
D:9:      layout_gridville, chei_slow_surprise, serial_glass, glass_columns_a,
          glass_columns_a, glass_columns_a, glass_columns_b, glass_columns_b,
          item_on_display_a, due_unseen_surprise, feat_on_display,
          nicolae_eternal_life, uniq_grum
D:10:     layout_basic, uniq_erolcha
D:11:     layout_basic, due_lair_maze_entry_diamond, david_orc_5, uniq_fannar
D:12:     layout_irregular_city, elyvilon_altar_5, uniq_lodul
D:13:     layout_basic, gauntlet_entry_generic
D:14:     layout_loops_ring, hangedman_vaults_entry_quadrant_bands,
          minmay_holes, vehumet_altar_wand_db
D:15:     grunt_enter_depths_giant_problem, layout_cave_pools,
          minmay_misc_feat_enclosed, st_stairs_5, minmay_pinched_square
Lair:1:   layout_regular_city, grunt_forest_large_clearing_hut
Lair:2:   layout_roguey, elwin_shoals_entry_rocks
Lair:3:   layout_roguey, nicolae_spider_entry_tight_spaces, serial_bayou_pond_c,
          serial_bayou_shore_b, infiniplex_staircase_pool, uniq_josephine,
          uniq_nessos, uniq_urug
Lair:4:   layout_loops_ring, basic_altar
Lair:5:   gammafunk_lair_ancient_temple, layout_regular_city, slime_entry_1,
          chequers_serial_rivers_marsh
Spider:1: nicolae_spider_hall_of_the_moth_king
Orc:1:    layout_caves, serial_shops, shop
Orc:2:    grunt_orc_gardens, layout_diamond_mine, grunt_orc_garden,
          grunt_orc_garden, grunt_orc_garden, grunt_orc_garden, serial_shops,
          shop

Skill      XL: |  1  2  3  4  5  6  7  8  9 10 11 12 13 14 15 16 |
---------------+-------------------------------------------------+-----
Armour         | 4 6 7 8 13 14 15 | 15.0
Shields        | 4 5 7 |  7.2
Fighting       | 6 9 12 14 17 18 | 18.0
Evocations     | 5 10 12 | 12.0
Maces & Flails | 4 6 |  6.0
Invocations    | 10 12 | 12.0
Dodging        | 7 |  7.2
Throwing       | 2 |  2.0

Action                   |  1- 3 |  4- 6 |  7- 9 | 10-12 | 13-15 | 16-18 || total
-------------------------+-------+-------+-------+-------+-------+-------++-------
Melee: Flail             |    82 |       |       |       |       |       ||    82
       Short sword       |    53 |   350 |       |       |       |       ||   403
       Unarmed           |       |     1 |       |       |       |       ||     1
       Dagger            |       |    53 |       |       |       |       ||    53
       Halberd           |       |    16 |   196 |       |       |       ||   212
       Trident           |       |       |   159 |       |       |       ||   159
       Whip              |       |       |    52 |   159 |       |       ||   211
       Morningstar       |       |       |       |   390 |   821 |       ||  1211
       Eveningstar       |       |       |       |       |   176 |   122 ||   298
       Headbutt          |       |       |       |       |    49 |    48 ||    97
Throw: Boomerang         |       |    31 |     8 |       |       |       ||    39
       Dart              |       |       |     7 |    15 |    26 |       ||    48
       Javelin           |       |       |     9 |       |     1 |       ||    10
 Cast: Beastly Appendage |       |       |       |       |     1 |       ||     1
Invok: Divine Shield     |       |       |     1 |       |     5 |       ||     6
       Cleansing Flame   |       |       |       |       |    10 |     4 ||    14
Evoke: Wand              |       |       |       |    10 |     8 |     2 ||    20
       Tin of tremorston |       |       |       |     1 |     5 |     1 ||     7
       Phial of floods   |       |       |       |       |     1 |     1 ||     2
  Use: Potion            |       |     4 |       |     1 |     4 |     1 ||    10
       Scroll            |       |       |     6 |    10 |    20 |     1 ||    37
Armor: Scale mail        |    57 |   267 |    21 |       |       |       ||   345
       Chain mail        |       |       |   311 |   516 |   857 |    96 ||  1780
       Skin              |       |       |       |    11 |     4 |       ||    15
Dodge: Dodged            |    54 |   194 |   184 |   254 |   725 |   156 ||  1567
Block: Buckler           |    27 |    85 |    54 |   146 |   449 |    24 ||   785
       Other             |       |       |     5 |       |       |       ||     5
       Reflection        |       |       |       |       |    20 |     2 ||    22
       Kite shield       |       |       |       |       |       |    76 ||    76
